 Dungeon Crawl Stone Soup version 0.29.1-1-gd02db6906a (webtiles) character file.

Game seed: 6106629878523149184

47 xian the Sneak (level 3, 0/21 HPs)
             Began as an Octopode Enchanter on Oct 7, 2022.
             Slain by an orc wizard
             ... wielding a +0 dagger
              (4 damage)
             ... on level 3 of the Dungeon.
             The game lasted 00:02:58 (1474 turns).

xian the Sneak (Octopode Enchanter)                 Turns: 1474, Time: 00:02:59

Health: 0/21       AC:  1    Str:  9    XL:     3   Next: 70%
Magic:  6/6        EV: 13    Int: 17    God:
Gold:   72         SH:  0    Dex: 12    Spells: 4/6 levels left

rFire   . . .      SeeInvis .   a - +1 dagger
rCold   . . .      Faith    .   (no shield)
rNeg    . . .      Spirit   .   (helmet restricted)
rPois   .          Reflect  .   e - amulet of regeneration
rElec   .          Harm     .   (no ring)
rCorr   .          Rampage  .   (no ring)
Will    .....                   (no ring)
Stlth   ++++......              (no ring)
HPRegen 0.87/turn               (no ring)
MPRegen 0.10/turn               (no ring)
                                (no ring)
                                (no ring)

@: no status effects
A: almost no armour, amphibious, 8 rings, camouflage 1, gelatinous body 1,
(nimble swimmer 1), tentacles
a: no special abilities


You were on level 3 of the Dungeon.
You visited 1 branch of the dungeon, and saw 3 of its levels.

You collected 72 gold pieces.

Inventory:

Hand Weapons
 a - a +1 dagger (weapon)
Jewellery
 e - an amulet of regeneration (around mantle)
Scrolls
 c - 3 scrolls of brand weapon {unknown}
 d - a scroll of immolation {unknown}
 f - a scroll of silence {unknown}
 h - a scroll of identify {unknown}
 i - a scroll of amnesia {unknown}
 k - a scroll of fog {unknown}
Potions
 b - 2 potions of invisibility
 g - a potion of heal wounds {unknown}
 j - 2 potions of might {unknown}
 l - a potion of curing {unknown}
 m - a potion of flight {unknown}


   Skills:
 + Level 0.2 Fighting
 + Level 1.4 Short Blades
 + Level 2.3 Dodging
 + Level 4.8 Stealth
 + Level 2.1 Spellcasting
 + Level 3.5 Hexes


You had 4 spell levels left.
You knew the following spells:

 Your Spells              Type           Power      Damage    Failure   Level
a - Ensorcelled Hibernat  Hex/Ice        14%        N/A       14%         2

Your spell library contained the following spells:

 Spells                   Type           Power      Damage    Failure   Level
 Confusing Touch          Hex            13%        N/A       13%         3
 Tukima's Dance           Hex            13%        N/A       13%         3
 Dazzling Flash           Conj/Hex       14%        N/A       28%         3
 Blade Hands              Tmut           0%         N/A       99%         5
 Irradiate                Conj/Tmut      0%         3d11      99%         5
 Dragon Form              Tmut           0%         N/A       100%        7


Dungeon Overview and Level Annotations

Branches:
Dungeon (3/15)

Altars:


Innate Abilities, Weirdness & Mutations

You cannot wear most types of armour.
You are amphibious.
You can wear up to eight rings at the same time.
Your skin changes colour to match your surroundings (Stealth+).
Your rubbery body absorbs attacks. (AC +1, EV +1)
((You are camouflaged when in or above water. (Stealth+)))
You have tentacles for arms and can constrict up to eight enemies at once.


Message History

The ufetubus hits you. The ufetubus misses you. The ufetubus barely misses you.
You hit the ufetubus.
The ufetubus is heavily wounded.
You constrict the ufetubus, but do no damage.
The ufetubus closely misses you. x2
You hit the ufetubus but do no damage.
The ufetubus is heavily wounded.
You constrict the ufetubus. The ufetubus closely misses you. x2
You hit the ufetubus.
The ufetubus is almost dead.
You constrict the ufetubus.
You kill the ufetubus!
HP restored.
An orc comes into view. It is wielding a +0 mace.
Found 13 gold pieces.
An orc comes into view. It is wielding a +0 falchion.
A bat comes into view.
You see here 13 gold pieces.
You now have 72 gold pieces (gained 13).
Found a stone staircase leading down.
An orc comes into view. It is wielding a +0 flail.
The helpless bat fails to defend itself.
You impale the bat!!
You kill the bat!
You see here a bat corpse.
An orc and an orc wizard come into view.
The orc wizard shouts!
You hear a shout!
The orc shouts!
The orc wizard casts a spell at you. You resist with significant effort.
The orc hits you with a +0 falchion.
You hit the orc wizard but do no damage.
You grab the orc wizard.
You constrict the orc wizard, but do no damage.
The orc wizard hits you with a +0 dagger.
The orc hits you with a +0 mace. The orc hits you with a +0 falchion!
* * * LOW HITPOINT WARNING * * *
You hit the orc wizard.
The orc wizard is lightly wounded.
You constrict the orc wizard.
The orc wizard hits you with a +0 dagger.
You die...

### .. .#
######o######
#....@o......
#.#..oo......
####.#.##.######
#......# .#
####......##.#
#..........#.#
#.##.....###.###
#.##.......>....
#.##.....#......


You could see an orc wizard and 3 orcs.

Vanquished Creatures
  An ufetubus (D:3)
  A dart slug (D:2)
  An orc (D:2)
  5 ball pythons
  An endoplasm (D:1)
  2 giant cockroaches
  6 goblins (D:1)
  3 hobgoblins
  3 jackals (D:2)
  3 quokkas
  3 bats
  3 frilled lizards
  4 kobolds
  2 rats (D:2)
38 creatures vanquished.

Notes
Turn   | Place    | Note
-------+----------+-------------------------------------------
     0 | D:1      | xian the Octopode Enchanter began the quest for the Orb.
     0 | D:1      | Reached XP level 1. HP: 11/11 MP: 3/3
   117 | D:1      | Reached XP level 2. HP: 13/17 MP: 5/5
   488 | D:1      | Found a faded altar of an unknown god.
   874 | D:1      | Learned a level 2 spell: Ensorcelled Hibernation
  1027 | D:2      | Reached XP level 3. HP: 21/21 MP: 6/6
  1474 | D:3      | Slain by an orc wizard

Illustrated notes

Levels and vault maps discovered:
D:1:      dpeg_cavernosity, layout_basic, basic_ecumenical_altar,
          chequers_serial_rivers_micro_d, minmay_misc_feat_encased,
          minmay_misc_feat_ornament
D:2:      layout_basic
D:3:      layout_basic, mainiacjoe_overflow_small_starburst,
          nicolae_dithmenos_through_a_glass_darkly, uniq_sigmund

Action                   || total
-------------------------++-------
Melee: Dagger            ||    77
       Constrict         ||    21
       Tentacles         ||    17
       Punch             ||     1
 Stab: Sleeping          ||     9
Armor: Skin              ||     5
Dodge: Dodged            ||    51
